 Dungeon Crawl Stone Soup version 0.16-a0-2970-ge3807df (webtiles) character file.

1762 Johnny the Firebug (level 8, -2/62 HPs)
             Began as a Demigod Fire Elementalist on Dec 5, 2014.
             Slain by an orc warrior
             ... wielding a +0 glaive of freezing
              (16 damage)
             ... on level 7 of the Dungeon.
             The game lasted 00:14:15 (7715 turns).

Johnny the Firebug (Demigod Fire Elementalist)      Turns: 7715, Time: 00:14:16

Health: -2/62      AC:  4    Str: 11    XL:     8   Next: 50%
Magic:  28/31      EV: 18    Int: 19    God:
Gold:   197        SH:  0    Dex: 20    Spells: 3 memorised, 6 levels left

rFire  . . .     SeeInvis .     k - +1 mace (drain)
rCold  . . .     Clarity  .     a - +0 robe
rNeg   . . .     SustAb   +     (no shield)
rPois  .         Gourm    .     H - +0 helmet
rElec  .         Spirit   .     I - +0 cloak
rCorr  .         Warding  .     (no gloves)
rMut   .         Stasis   .     (no boots)
MR     .....                    (no amulet)
Stlth  ++........               B - +2 ring of evasion
                                y - ring of magical power

@: not resistant to hostile enchantments, unstealthy
A: sustain abilities
a: no special abilities


You were on level 7 of the Dungeon.
You were hungry.

You visited 1 branch of the dungeon, and saw 7 of its levels.

You collected 297 gold pieces.
You spent 100 gold pieces at shops.

Inventory:

Hand weapons
 k - a +1 mace of draining (weapon)
Armour
 a - a +0 robe (worn)
 H - a +0 helmet (worn)
 I - a +0 cloak (worn)
 M - a +0 ring mail of magic resistance
Jewellery
 e - an uncursed ring of protection from cold
 y - a ring of magical power (left hand)
 B - a +2 ring of evasion (right hand)
 D - an uncursed ring of teleportation
Magical devices
 h - a wand of fire (0)
 j - a wand of teleportation (4)
Scrolls
 d - a scroll of fog {unknown}
 g - a scroll of teleportation
 l - a scroll of enchant weapon {unknown}
 m - a scroll of recharging
 r - a scroll of enchant armour {unknown}
 t - a scroll of immolation {unknown}
 x - a scroll of fear {unknown}
 z - 2 scrolls of magic mapping
 A - a scroll of random uselessness {unknown}
 C - 2 scrolls of remove curse
 G - a scroll of amnesia {unknown}
 K - a scroll of blinking {unknown}
 L - 3 scrolls of identify
Potions
 i - a potion of cure mutation
 n - a potion of flight {unknown}
 o - 2 potions of agility
 p - 4 potions of heal wounds {unknown}
 q - 2 potions of brilliance
 s - a potion of poison {unknown}
 v - 2 potions of haste {unknown}
 w - a potion of might {unknown}
 E - a potion of ambrosia {unknown}
 F - a potion of curing
 J - a potion of invisibility
Books
 b - a book of Flames

   Spells                             Type                      Level
   a - Flame Tongue                   Conjuration/Fire             1
   b - Throw Flame                    Conjuration/Fire             2
   c - Conjure Flame                  Conjuration/Fire             3
   d - Inner Flame                    Hexes/Fire                   3
   e - Sticky Flame                   Conjuration/Fire             4
   f - Fireball                       Conjuration/Fire             5
Comestibles
 c - 6 bread rations
 f - 2 meat rations
 u - a slice of pizza


   Skills:
 * Level 2.7 Fighting
 + Level 2.6 Armour
 * Level 5.1 Dodging
 - Level 1.7 Stealth
 * Level 4.6 Spellcasting
 * Level 4.3 Conjurations
 * Level 5.4 Fire Magic
 + Level 0.4 Evocations


You had 6 spell levels left.
You knew the following spells:

 Your Spells              Type           Power        Failure   Level  Hunger
a - Flame Tongue          Conj/Fire      ###..        1%          1    None
b - Sticky Flame          Conj/Fire      ###.....     17%         4    ####...
c - Fireball              Conj/Fire      ###.......   50%         5    ######.


Dungeon Overview and Level Annotations

Branches:
Dungeon (7/15)             Temple (0/1) D:5

Shops:
D:4 =   D:6 *

Annotations:
D:4 Eustachio
D:5 runed door


Innate Abilities, Weirdness & Mutations

Your attributes are resistant to harm.


Message History

Zapping:
h - a wand of fire (will waste charges)
Press: ? - help, Shift-Dir - straight line, f - orc warrior
Aim: an orc warrior, wielding a glaive of freezing and wearing a runed plate armour The bolt of fire hits the orc warrior.
The orc warrior resists.
The orc warrior is moderately wounded.
Evoking this partially-identified wand wasted a few charges.
Unknown command.
Evoke which item? (* to show all) (? for menu, Esc to quit)
Zapping:
h - a wand of fire {zapped: 2} (will waste charges)
Press: ? - help, Shift-Dir - straight line, f/p - orc warrior
Aim: an orc warrior, wielding a glaive of freezing and wearing a runed plate armour (moderately wounded)
The bolt of fire hits the orc warrior.
The orc warrior resists.
The orc warrior is severely wounded.
Evoking this partially-identified wand wasted a few charges.
The orc warrior hits you from afar with a glaive of freezing!
* * * LOW HITPOINT WARNING * * *
The orc warrior freezes you.
* * * LOW HITPOINT WARNING * * *
The orc warrior hits you from afar with a glaive of freezing!
You die...

#. #.######
#......#
#.#.<..#.# ..
#....# #.
##...# #
##>## #./#
#.@#
#.###..##
#...o[..#
#.........#
.....######.#
..... .# ..#.
# #


You could see an orc warrior.

Vanquished Creatures
  A hippogriff (D:4)
  A water moccasin (D:6)
  3 ice beasts
  A necrophage (D:6)
  2 orc warriors
  A phantom (D:6)
  3 giant frogs
  A quasit (D:6)
  A goliath beetle (D:6)
  3 orc wizards
  A hound (D:6)
  5 orc priests
  5 worker ants
  A hound zombie (D:5)
  A hound skeleton (D:4)
  2 worker ant zombies
  Robin (D:4)
  7 adders
  3 worms
  9 giant geckos
  An ooze (D:1)
  13 orcs
  2 bat skeletons (D:4)
  A bat zombie (D:5)
  18 goblins
  10 hobgoblins
  9 jackals
  4 quokkas
  A ball python (D:6)
  13 bats
  3 giant cockroaches
  2 giant newts (D:2)
  2 giant spores (D:6)
  8 kobolds
  11 rats
  3 ballistomycetes (D:6)
153 creatures vanquished.

Notes
Turn   | Place    | Note
--------------------------------------------------------------
     0 | D:1      | Johnny, the Demigod Fire Elementalist, began the quest for the Orb.
     0 | D:1      | Reached XP level 1. HP: 14/14 MP: 3/3
    32 | D:1      | Reached skill level 1 in Conjurations
   525 | D:1      | Reached XP level 2. HP: 20/20 MP: 2/4
   776 | D:1      | Reached skill level 3 in Fire Magic
  1239 | D:2      | Reached XP level 3. HP: 13/26 MP: 0/7
  2269 | D:3      | Reached XP level 4. HP: 27/34 MP: 10/10
  2302 | D:3      | Learned a level 4 spell: Sticky Flame
  2311 | D:3      | Found a shimmering altar of Xom.
  2312 | D:3      | Noticed an angel
  2314 | D:3      | Found a glowing silver altar of Zin.
  2853 | D:3      | Reached skill level 1 in Fighting
  2973 | D:4      | Reached skill level 1 in Armour
  2994 | D:4      | Noticed Robin
  3026 | D:5      | Entered Level 5 of the Dungeon
  3032 | D:5      | Reached XP level 5. HP: 8/40 MP: 12/12
  3321 | D:5      | Found a staircase to the Ecumenical Temple.
  3612 | D:4      | Killed Robin
  3869 | D:4      | Noticed Eustachio
  3897 | D:4      | Found Twi Hiuz's Jewellery Emporium.
  4053 | D:4      | Bought a +2 ring of evasion for 100 gold pieces
  4649 | D:4      | Noticed a hippogriff
  4660 | D:4      | Killed a hippogriff
  4660 | D:4      | Reached skill level 4 in Fire Magic
  4660 | D:4      | Reached XP level 6. HP: 18/47 MP: 13/15
  5170 | D:5      | Found a white marble altar of Elyvilon.
  5340 | D:5      | Found an ancient bone altar of Kikubaaqudgha.
  5347 | D:5      | Noticed an ice beast
  5357 | D:5      | Noticed an orc warrior
  5698 | D:5      | Killed an orc warrior
  5732 | D:5      | Found a white marble altar of Elyvilon.
  5765 | D:5      | Noticed an angel
  5766 | D:5      | Found a runed door.
  5793 | D:5      | Reached XP level 7. HP: 43/53 MP: 19/19
  6137 | D:5      | Killed an ice beast
  6687 | D:6      | Found Wiesoira's Serpentskin Sales.
  6785 | D:6      | Reached XP level 8. HP: 45/61 MP: 21/21
  6794 | D:6      | HP: 2/61 [ice beast (10)]
  7016 | D:6      | Reached skill level 5 in Fire Magic
  7022 | D:6      | Found a sparkling altar of Nemelex Xobeh.
  7147 | D:6      | Reached skill level 5 in Dodging
  7407 | D:6      | Learned a level 5 spell: Fireball
  7715 | D:7      | Slain by an orc warrior

Action                   |  1- 3 |  4- 6 |  7- 9 || total
-------------------------+-------+-------+-------++-------
Melee: Short sword       |    62 |       |       ||    62
       Mace              |    65 |   109 |   174 ||   348
 Cast: Flame Tongue      |    24 |    52 |    19 ||    95
       Sticky Flame      |       |     7 |    16 ||    23
Evoke: Wand              |       |     1 |     2 ||     3
  Use: Potion            |     1 |     3 |       ||     4
       Scroll            |       |     4 |     3 ||     7
 Stab: Sleeping          |     3 |     2 |     3 ||     8
       Distracted        |       |       |     1 ||     1
  Eat: Chunk             |     5 |    10 |    10 ||    25
       Fruit             |       |     1 |       ||     1
       Beef jerky        |       |     1 |       ||     1
